AoeStats
← [PSCH] R!ce

Nomad

508659576Analyzed
2v2 RM · 9d ago on Sep 23, 2026· 49m 36s· 4 players
Game mode
Random Map
Map size
176×176
Population
200
Speed
Normal
Resources
Standard
Victory
Conquest
Starting age
Dark Age
Ending age
Imperial Age
RankedLock teamsTeams togetherTeam positionsShared explorationLock speedFull tech treeHidden civsTurbo modeCheats
Victory
Defeat
🇩🇪 Danes · Germany
1416
+18
🇩🇪 Berbers · Germany
1378
+20
🇨🇭 Danes · Switzerland
1475
-19
🇨🇭 Saxons · Switzerland
1451
-19
LasenLaBambele
5:10 Loom
12:52 Feudal Age
17:24 Castle Age
15:50 Double-Bit Axe
18:07 Wheelbarrow
18:03 Town Watch
18:33 Scale Mail Armor
19:11 Fletching
20:12 Forging
30:56 Horse Collar
31:36 Gold Mining
34:30 Hamask
36:34 Heavy Plow
37:40 Hand Cart
44:09 Imperial Age
42:15 Bodkin Arrow
44:57 Squires
47:17 Capped Ram
48:37 Capped Ram
[PSCH] R!ce
5:42 Loom
12:44 Feudal Age
13:32 Double-Bit Axe
17:03 Fletching
20:30 Castle Age
21:14 Bodkin Arrow
25:53 Bow Saw
29:41 Scale Mail Armor
30:15 Forging
31:53 Chain Mail Armor
32:25 Squires
36:25 Horse Collar
42:23 Imperial Age
40:31 Wheelbarrow
41:00 Arson
41:51 Iron Casting
44:04 Plate Mail Armor
44:31 Bracer
44:07 Capped Ram
47:35 Elite Varangian Guard
Calaquende
5:32 Loom
12:39 Feudal Age
15:10 Double-Bit Axe
17:56 Castle Age
17:58 Fletching
22:00 Bow Saw
21:53 Bodkin Arrow
31:20 Fishing Lines
34:32 Scale Mail Armor
34:42 Forging
36:26 Squires
36:42 Chain Mail Armor
36:37 Forging
36:19 Horse Collar
37:45 Hamask
42:11 Imperial Age
40:21 Wheelbarrow
43:43 Hand Cart
44:03 Plate Mail Armor
44:09 Iron Casting
43:21 Elite Varangian Guard
49:17 Blast Furnace
Jordan Belfort
13:30 Feudal Age
13:58 Loom
13:59 Town Watch
17:19 Castle Age
18:56 Double-Bit Axe
22:52 Fishing Lines
25:49 Wheelbarrow
26:30 Scale Barding Armor
28:21 Chain Barding Armor
29:23 Bloodlines
30:09 Forging
31:30 Gold Mining
34:23 Gold Shaft Mining
36:22 Fletching
37:28 Husbandry
37:54 Bodkin Arrow
42:07 Kasbah
42:35 Ballistics
45:36 Imperial Age
44:15 Padded Archer Armor
45:17 Kasbah
46:24 Bracer
49:00 Chemistry
48:45 Thumb Ring
Connection lost

Rejoining the realm…

Still unreachable

The connection could not be restored.

Session expired

The server has moved on; the page needs a fresh start.